 Dungeon Sprint DCSS version 0.20.1-1-g8b1a95d (webtiles) character file.

112581 KingStallion the Slayer (level 16, -4/125 HPs)
             Began as a Gargoyle Berserker on Oct 31, 2017.
             Was a High Priest of Trog.
             Slain by a vampire knight
             ... wielding a cursed -3 war axe
              (10 damage)
             ... in the Dungeon (Sprint II: "The Violet Keep of Menkaure").
             The game lasted 00:47:01 (5413 turns).

KingStallion the Slayer (Gargoyle Berserker)        Turns: 5413, Time: 00:47:01

Health: -4/125     AC: 52    Str: 41    XL:     16   Next: 60%
Magic:  17/17      EV: 12    Int:  9    God:    Trog [*****.]
Gold:   5217       SH:  0    Dex: 13    Spells: 15/15 levels left

rFire    + + +     SeeInvis .   y - +5 great mace "Buraz" {crush, Str+4}
rCold    + + .     Gourm    .   (shield currently unavailable)
rNeg     + + .     Faith    +   E - +9 scales of the Dragon King {rPois rF+ rC+ MR+}
rPois    ∞         Spirit   .   D - +2 helmet
rElec    +         Reflect  .   k - scarf {cloud immunity}
rCorr    +         Harm     .   (no gloves)
MR       ++++.     NoTele   +   z - +1 pair of boots
Stlth    ..........             s - amulet of Itegu {Faith rPois rN+ MR++ Str+4}
Regen    0.3/turn               l - ring of the Magpie {rF++ Str+3 Stlth-}
MPRegen  0.2/turn               (no ring)

@: mighty, resistant, berserk cooldown, flying, starving, slowed, very slow
A: big wings, molten scales 2, agile 1, negative energy resistance 1,
electricity resistance, unbreathing, evolution 1, petrification resistance, rot
immunity, MP-powered wands, AC +11
a: Stop Flying, Berserk, Trog's Hand, Brothers in Arms, Burn Spellbooks,
Renounce Religion


You were in the Dungeon.
You worshipped Trog.
Trog was extremely pleased with you.
You were starving.

You visited 1 branch You collected 11726 gold pieces.
You spent 6509 gold pieces at shops.

Inventory:

Hand Weapons
 a - a +1 great mace of distortion
 c - a +5 dire flail of protection
 y - the +5 great mace "Buraz" (weapon) {crush, Str+4}
   (Trog gifted it to you in the Dungeon)

   It inflicts extra damage upon your enemies.
   It affects your strength (+4).
 G - a +5 glaive of venom
 J - the +11 flail of Capital Punishment {venom, +Blink MR+}
   (Trog gifted it to you in the Dungeon)

   It poisons the flesh of those it strikes.
   It affects your resistance to hostile enchantments.
   It lets you blink.
 V - a +2 antimagic eveningstar
Armour
 k - a scarf of cloud immunity (worn)
 m - a +2 scale mail of cold resistance
 z - a +1 pair of boots (worn)
 D - a +2 helmet (worn)
 E - the +9 scales of the Dragon King (worn) {rPois rF+ rC+ MR+}
   (You bought it in a shop in the Dungeon)

   It protects you from fire.
   It protects you from cold.
   It protects you from poison.
   It affects your resistance to hostile enchantments.
Jewellery
 l - the ring of the Magpie (left hand) {rF++ Str+3 Stlth-}
   (You bought it in a shop in the Dungeon)

   [ring of loudness]

   It affects your strength (+3).
   It greatly protects you from fire.
   It makes you less stealthy.
 s - the amulet of Itegu (around neck) {Faith rPois rN+ MR++ Str+4}
   (You bought it in a shop in the Dungeon)

   [amulet of faith]

   It allows you to gain divine favour quickly.
   It affects your strength (+4).
   It protects you from poison.
   It protects you from negative energy.
   It affects your resistance to hostile enchantments.
 R - an uncursed amulet of guardian spirit {unknown}
 Y - the amulet of Divine Intervention {rElec rC+ Regen+}
   (You found it in the Dungeon)

   [amulet of regeneration]

   It protects you from cold.
   It insulates you from electricity.
   It increases your rate of regeneration.
Scrolls
 i - a scroll of blinking
 p - 2 scrolls of remove curse
 r - a scroll of enchant armour
Potions
 d - a potion of curing
 f - 3 potions of haste
 g - 23 potions of magic
 h - a potion of berserk rage
 q - a potion of agility
 x - 5 potions of lignification
 B - a potion of resistance
Books
 U - a book of Unlife

   Spells                             Type                      Level
   a - Recall                         Summoning/Translocation      3
   b - Animate Dead                   Necromancy                   4
   c - Control Undead                 Necromancy                   4
   d - Cigotuvi's Embrace             Necromancy                   5
   e - Death Channel                  Necromancy                   6
   f - Simulacrum                     Ice/Necromancy               6
   Trog disapproves of the use of such an item.
 X - a book of Misfortune

   Spells                             Type                      Level
   a - Confusing Touch                Hexes                        1
   b - Confuse                        Hexes                        3
   c - Gell's Gravitas                Translocation                3
   d - Petrify                        Transmutation/Earth          4
   e - Metabolic Englaciation         Hexes/Ice                    5
   f - Yara's Violent Unravelling     Hexes/Transmutation          5
   Trog disapproves of the use of such an item.
 Z - a book of Geomancy

   Spells                             Type                      Level
   a - Sandblast                      Earth                        1
   b - Passwall                       Transmutation/Earth          2
   c - Stone Arrow                    Conjuration/Earth            3
   d - Petrify                        Transmutation/Earth          4
   e - Lee's Rapid Deconstruction     Earth                        5
   Trog disapproves of the use of such an item.
Miscellaneous
 b - a box of beasts
 j - a lamp of fire
 W - a lightning rod (4/4)
Comestibles
 A - 2 meat rations
 I - 5 fruits


   Skills:
 * Level 23.0 Fighting
   Level 0.5 Long Blades
 * Level 22.2 Maces & Flails
 + Level 3.3 Polearms
   Level 0.6 Crossbows
 + Level 0.8 Throwing
 * Level 19.5 Armour
 + Level 7.3 Dodging
 + Level 14.2 Stealth
 * Level 14.2 Unarmed Combat
 + Level 2.5 Evocations


You had 15 spell levels left.
You didn't know any spells.

Dungeon Overview and Level Annotations

Branches:
Dungeon (1/1)

Altars:
Cheibriados
Dithmenos
Elyvilon
Fedhas
Gozag
Hepliaklqana
Kikubaaqudgha
Makhleb
Nemelex Xobeh
Okawaru
Qazlal
Ru
Sif Muna
Trog
Uskayaw
Vehumet
Xom
Yredelemnul
Zin
The Shining One
Beogh
Jiyva
Lugonu

Shops:
D :=!?:*!=}**[(:!?:%=!*[!!=[(%=[[(::[%[


Innate Abilities, Weirdness & Mutations

You are resistant to torment.
Your stone body is resilient. (AC +11)
You are immune to poison.
Your large and strong wings let you fly indefinitely.
You resist negative energy. (rN+)
You are resistant to electric shocks. (rElec)
You can survive without breathing.
You are immune to petrification.
You are immune to rotting.
You are mostly covered in molten scales. (AC +3)
You are agile. (Dex +2)
You evolve.
You expend magic power (3 MP) to strengthen your wands.


Message History

There is an open door here.
You feel a strong urge to attack something.
You hear some strange, mumbled words.
You are no longer berserk.
You are exhausted.
You feel yourself slow down.
You see here an uncursed arbalest.
Unknown command.
You feel better. Something hits you but does no damage.
Something bites you but does no damage.
You're too hungry.
Something hits you but does no damage. Something bites you but does no damage.
There is an open door, spattered with blood here.
Drop what? 34/52 slots (_ for help) (? for menu, Esc to quit)
You drop a book of the Earth.
Something hits you!
* * * LOW HITPOINT WARNING * * *
Something bites you but does no damage. Something hits you but does no damage.
Something bites you but does no damage. Something hits you!
You die...

###########≈≈))[..§....#.)'^..(#
##........#≈≈≈≈.##)##..#..####.#
##....⌠...#≈≈≈≈##[#.##.####..'^#
##...∩.∩..#≈≈≈≈#..#..#....#..#..
##..∩.∩.∩.#≈≈####.#.####..#####.
##.∩.∩.∩.∩#≈##.###'###.##..#.((.
##∩.∩...∩.#≈#.#.##.##..##..#..#.
##.∩.....∩'≈'###:)<.'##.&1.####.
##∩.....).#≈#.#@##.##..##§...###
#▓▓▓▓▓▓▓###≈##.###'###.##......≈
##.[.######≈≈####.).####≈≈§§...≈
#.(.#..'^##≈≈≈#..#..#≈≈≈≈≈≈≈..≈
#∩.)'..#'##'#≈##.#)##≈≈≈≈≈≈≈≈.§
#...#!##§##.#≈§##'##≈≈≈§§§≈≈≈§≈
#)..###§≈§####≈§§≈≈≈≈≈§§≈≈§≈≈≈≈
##)###≈§§§§#,#''§#§§§#§≈§≈≈≈≈≈≈
#..)##≈§≈≈§###§≈§≈§≈§##§≈≈###≈≈


There were no monsters in sight!

Vanquished Creatures
  Gloorx Vloq (D)
  A greater mummy (D)
  2 golden dragons (D)
  A bone dragon (D)
  An electric golem (D)
  A deep elf master archer (D)
  A kraken (D)
  2 sphinxes (D)
  Kirke (D)
  A storm dragon (D)
  Roxanne (D)
  A frost giant (D)
  An orc warlord (D)
  Nessos (D)
  A crystal guardian (D)
  A fire dragon (D)
  A yaktaur captain (D)
  A great orb of eyes (D)
  An ice dragon (D)
  A centaur warrior (D)
  An iron elemental (D)
  2 hell hogs (D)
  An iron golem (D)
  2 sixfirhies (D)
  A skeletal warrior (D)
  2 deep trolls (D)
  An obsidian statue (D)
  An oklob plant (D)
  2 manticores (D)
  3 orc sorcerers (D)
  2 slime creatures (D)
  2 toenail golems (D)
  2 spiny frogs (D)
  A yaktaur (D)
  5 polar bears (D)
  A hornet (D)
  2 tyrant leeches (D)
  5 hippogriffs (D)
  2 redbacks (D)
  2 wyverns (D)
  6 flying skulls (D)
  3 yaks (D)
  A vampire mosquito (D)
  3 soldier ants (D)
  3 black bears (D)
  5 necrophages (D)
  4 crocodiles (D)
  7 electric eels (D)
  4 lava snakes (D)
  A jelly (D)
  4 orc priests (D)
  An iron imp (D)
  4 worker ants (D)
  A spectral giant cockroach (D)
  A spectral quokka (D)
  4 tentacles (D)
114 creatures vanquished.

Vanquished Creatures (collateral kills)
  the Lernaean hydra (D)
  A storm dragon (D)
  A cacodemon (D)
  A deep elf high priest (D)
  2 death drakes (D)
  A manticore (D)
  A toenail golem (D)
  A kobold demonologist (D)
  6 flying skulls (D)
  A swamp drake (D)
  2 earth elementals (D)
  2 electric eels (D)
20 creatures vanquished.

Vanquished Creatures (others)
  Gastronok (D)
  A dire elephant (D)
  A sixfirhy (D)
  2 unseen horrors (D)
  An elephant (D)
  A golden eye (D)
  Menkaure (D)
  A swamp drake (D)
  A crocodile (D)
  8 tentacles (D)
18 creatures vanquished.

Grand Total: 152 creatures vanquished

Notes
Turn   | Place    | Note
-------+----------+-------------------------------------------
     0 | D        | KingStallion the Gargoyle Berserker began the quest for the Orb.
     0 | D        | Reached XP level 1. HP: 14/14 MP: 1/1
     1 | D        | Noticed a tyrant leech
     1 | D        | Noticed a tyrant leech
     5 | D        | Noticed a necrophage
     5 | D        | Noticed a necrophage
     5 | D        | Noticed a necrophage
     5 | D        | Noticed a necrophage
    10 | D        | Killed a necrophage
    10 | D        | Reached skill level 6 in Fighting
    10 | D        | Reached XP level 2. HP: 23/23 MP: 2/2
    10 | D        | Reached XP level 3. HP: 28/28 MP: 3/3
    10 | D        | Reached XP level 4. HP: 32/32 MP: 4/4
    15 | D        | Killed a necrophage
    15 | D        | Reached skill level 7 in Fighting
    15 | D        | Reached skill level 1 in Unarmed Combat
    15 | D        | Reached XP level 5. HP: 39/39 MP: 5/5
    20 | D        | Killed a necrophage
    20 | D        | Reached ** piety under Trog
    20 | D        | Reached skill level 8 in Fighting
    20 | D        | Reached XP level 6. HP: 45/45 MP: 6/6
    25 | D        | Killed a necrophage
    25 | D        | Reached skill level 9 in Fighting
    30 | D        | Killed Menkaure
    70 | D        | Noticed a hippogriff
    70 | D        | Noticed a hippogriff
    78 | D        | Killed a hippogriff
    78 | D        | Reached skill level 10 in Maces & Flails
    78 | D        | Reached skill level 5 in Armour
    78 | D        | Reached XP level 7. HP: 52/52 MP: 7/7
    82 | D        | Killed a hippogriff
    82 | D        | Reached skill level 10 in Fighting
    82 | D        | Reached skill level 5 in Stealth
   140 | D        | Reached *** piety under Trog
   175 | D        | Found Cuhiun's Jewellery Shoppe.
   175 | D        | Found Fetwoh's Armour Shoppe.
   175 | D        | Found Bocluur's Antique Weapon Emporium.
   175 | D        | Found Rocuc's Food Emporium.
   175 | D        | Found Acuhell's Distillery.
   175 | D        | Found Unuol's Antique Armour Shoppe.
   176 | D        | Found Luzxaor's Distillery.
   176 | D        | Found Yxkuisch's Jewellery Emporium.
   177 | D        | Found Oschuale's Distillery.
   177 | D        | Found Uxkiog's Book Emporium.
   178 | D        | Found Huink's Antique Armour Emporium.
   178 | D        | Noticed an iron elemental
   179 | D        | Found Deohuaro's Gadget Shoppe.
   179 | D        | Found Soexadee's Jewellery Emporium.
   179 | D        | Noticed an oklob plant
   180 | D        | Found Mazxirgha's Magic Scroll Shoppe.
   180 | D        | Found Oxoqul's Distillery.
   180 | D        | Found Ziyk's Book Shoppe.
   195 | D        | Reached **** piety under Trog
   195 | D        | Reached XP level 8. HP: 42/58 MP: 8/8
   200 | D        | Noticed a hippogriff
   200 | D        | Noticed a hippogriff
   208 | D        | Bought an embroidered scarf for 200 gold pieces
   210 | D        | Noticed a hippogriff
   225 | D        | Bought a glowing dire flail for 182 gold pieces
   237 | D        | Bought a glowing scale mail for 175 gold pieces
   365 | D        | Killed a tyrant leech
   370 | D        | Killed a tyrant leech
   370 | D        | Reached skill level 11 in Fighting
   370 | D        | Reached skill level 5 in Unarmed Combat
   416 | D        | Noticed an obsidian statue
   432 | D        | Found a stormy altar of Qazlal.
   433 | D        | Found a hazy altar of Hepliaklqana.
   433 | D        | Found a sacrificial altar of Ru.
   434 | D        | Found a roughly hewn altar of Beogh.
   434 | D        | Found a viscous altar of Jiyva.
   434 | D        | Found a deep blue altar of Sif Muna.
   434 | D        | Found a shimmering altar of Xom.
   435 | D        | Found a snail-covered altar of Cheibriados.
   435 | D        | Found an ancient bone altar of Kikubaaqudgha.
   435 | D        | Found a bloodstained altar of Trog.
   436 | D        | Found a shadowy altar of Dithmenos.
   436 | D        | Found a corrupted altar of Lugonu.
   437 | D        | Found a glowing golden altar of the Shining One.
   437 | D        | Found a basalt altar of Yredelemnul.
   437 | D        | Found a hide-covered altar of Uskayaw.
   438 | D        | Found a glowing silver altar of Zin.
   441 | D        | Found a white marble altar of Elyvilon.
   441 | D        | Found a burning altar of Makhleb.
   442 | D        | Found a blossoming altar of Fedhas.
   444 | D        | Noticed a yaktaur
   444 | D        | Noticed a hornet
   444 | D        | Noticed a polar bear
   445 | D        | Noticed a polar bear
   462 | D        | Killed a polar bear
   466 | D        | Killed a polar bear
   466 | D        | Reached XP level 9. HP: 59/65 MP: 9/9
   467 | D        | Killed a hornet
   468 | D        | Noticed a polar bear
   473 | D        | Killed a yaktaur
   473 | D        | Reached skill level 12 in Fighting
   479 | D        | Killed a polar bear
   517 | D        | Found an opulent altar of Gozag.
   595 | D        | Noticed a kraken
   845 | D        | Killed a kraken
   845 | D        | Reached XP level 10. HP: 38/72 MP: 10/10
   908 | D        | Noticed Kirke
   908 | D        | Noticed a skeletal warrior
   908 | D        | Noticed a kobold demonologist
  1032 | D        | Killed a kobold demonologist
  1032 | D        | Reached skill level 13 in Fighting
  1039 | D        | Noticed a centaur warrior
  1041 | D        | Noticed a yaktaur captain
  1049 | D        | Noticed an elephant
  1062 | D        | Killed Kirke
  1062 | D        | Reached skill level 15 in Maces & Flails
  1062 | D        | Reached skill level 10 in Armour
  1067 | D        | Killed a centaur warrior
  1069 | D        | Noticed an ice dragon
  1088 | D        | Killed a yaktaur captain
  1088 | D        | Reached ***** piety under Trog
  1135 | D        | Killed an elephant
  1190 | D        | Killed a skeletal warrior
  1237 | D        | Received a gift from Trog
  1240 | D        | Reached XP level 11. HP: 79/79 MP: 11/11
  1253 | D        | Noticed a hell hog
  1253 | D        | Noticed a hell hog
  1262 | D        | Killed a hell hog
  1262 | D        | Reached skill level 14 in Fighting
  1264 | D        | Killed a hell hog
  1306 | D        | Noticed a manticore
  1306 | D        | Noticed a manticore
  1306 | D        | Noticed a manticore
  1312 | D        | Killed a manticore
  1312 | D        | Reached skill level 10 in Stealth
  1316 | D        | Reached skill level 5 in Dodging
  1320 | D        | Killed a manticore
  1337 | D        | Killed a manticore
  1391 | D        | Found Radurr's Book Emporium.
  1391 | D        | Found Qovina's Jewellery Shop.
  1392 | D        | Found Edick's Assorted Antiques.
  1392 | D        | Found Noopleri's Antique Armour Shoppe.
  1392 | D        | Found Cytaod's Book Boutique.
  1392 | D        | Found Lyowkonk's Assorted Antiques.
  1392 | D        | Found Kazuluymn's Distillery.
  1392 | D        | Found Bioraal's Distillery.
  1392 | D        | Found Xaublas's Weapon Boutique.
  1392 | D        | Found Tadit's Food Emporium.
  1392 | D        | Found Byumauga's Antique Armour Shop.
  1392 | D        | Found Varam's Jewellery Shoppe.
  1407 | D        | Bought 4 fruits for 60 gold pieces
  1410 | D        | Bought a potion of heal wounds for 70 gold pieces
  1495 | D        | Found a sparkling altar of Nemelex Xobeh.
  1496 | D        | Found a radiant altar of Vehumet.
  1496 | D        | Found an iron altar of Okawaru.
  1551 | D        | Reached ****** piety under Trog
  1556 | D        | Noticed a deep troll
  1557 | D        | Noticed a deep troll
  1565 | D        | Killed a deep troll
  1565 | D        | Received a gift from Trog
  1570 | D        | Killed a deep troll
  1570 | D        | Reached skill level 15 in Fighting
  1610 | D        | Noticed a sphinx
  1610 | D        | Noticed a sphinx
  1619 | D        | Killed a sphinx
  1624 | D        | Killed a sphinx
  1624 | D        | Received a gift from Trog
  1624 | D        | Reached XP level 12. HP: 88/88 MP: 12/12
  1627 | D        | Got a shimmering flail {god gift}
  1628 | D        | Identified the +11 flail of Capital Punishment {venom, +Blink MR+} (Trog gifted it to you in the Dungeon)
  1717 | D        | Killed an ice dragon
  1740 | D        | Noticed a crystal guardian
  1754 | D        | HP: 6/132 [crystal guardian/crystal bolt (35)]
  1757 | D        | Killed a crystal guardian
  1757 | D        | Reached skill level 16 in Fighting
  1757 | D        | Reached skill level 10 in Unarmed Combat
  1991 | D        | Received a gift from Trog
  2092 | D        | Noticed a deep elf master archer
  2101 | D        | Received a gift from Trog
  2467 | D        | Killed a deep elf master archer
  2467 | D        | Reached skill level 1 in Polearms
  2617 | D        | Noticed a great orb of eyes
  2617 | D        | Noticed a fire dragon
  2632 | D        | Killed a fire dragon
  2634 | D        | Reached skill level 17 in Fighting
  2637 | D        | Received a gift from Trog
  2656 | D        | Killed a great orb of eyes
  2661 | D        | Received a gift from Trog
  2803 | D        | Noticed an electric golem
  2803 | D        | Noticed an iron golem
  2866 | D        | Noticed a golden dragon
  2877 | D        | Killed a golden dragon
  2877 | D        | Reached skill level 15 in Armour
  2877 | D        | Reached XP level 13. HP: 66/97 MP: 13/13
  3154 | D        | Found Cuitzedy's Armour Boutique.
  3154 | D        | Found Ippeonk's Food Shoppe.
  3154 | D        | Found Ijuodoo's Antique Armour Shop.
  3154 | D        | Found Xehufij's Book Emporium.
  3154 | D        | Noticed a storm dragon
  3163 | D        | Killed a storm dragon
  3163 | D        | Reached skill level 18 in Fighting
  3172 | D        | Bought 3 fruits for 63 gold pieces
  3265 | D        | Received a gift from Trog
  3346 | D        | Received a gift from Trog
  3357 | D        | Received a gift from Trog
  3390 | D        | Found Bampy's Book Shoppe.
  3391 | D        | Found Dualausuh's Antique Weapon Boutique.
  3414 | D        | Noticed Gastronok
  3423 | D        | Noticed a dire elephant
  3433 | D        | Received a gift from Trog
  3472 | D        | Got a translucent graven amulet
  3523 | D        | Identified the amulet of Divine Intervention {rElec rC+ Regen+} (You found it in the Dungeon)
  3532 | D        | Identified a scroll of acquirement
  3548 | D        | Reached skill level 1 in Evocations
  3548 | D        | Gained mutation: Your large and strong wings let you fly indefinitely. [Gargoyle growth]
  3548 | D        | Reached XP level 14. HP: 104/104 MP: 14/14
  3592 | D        | Gained mutation: You evolve. [potion of mutation]
  3592 | D        | Gained mutation: Your spells are a little harder to cast, but a little more powerful. [potion of mutation]
  3653 | D        | Noticed Roxanne
  3682 | D        | Killed Roxanne
  3682 | D        | Received a gift from Trog
  3689 | D        | Killed a dire elephant
  3834 | D        | Killed Gastronok
  3834 | D        | Reached skill level 19 in Fighting
  3980 | D        | Found Aguc's Magic Scroll Boutique.
  3981 | D        | Found Xeubu's General Store.
  3983 | D        | Noticed Nessos
  3991 | D        | Killed Nessos
  4004 | D        | Bought a scroll of identify for 24 gold pieces
  4026 | D        | Got a faintly humming shield
  4026 | D        | Got a fine cloak
  4037 | D        | Identified the +0 cloak of Boredom {rElec MR+} (You acquired it in the Dungeon)
  4058 | D        | Identified the -5 shield of Indomitability {rN+} (You acquired it in the Dungeon)
  4085 | D        | Gained mutation: Armour fits poorly on your strangely shaped body. [mutagenic glow]
  4095 | D        | Lost mutation: Your spells are a little harder to cast, but a little more powerful. [potion of mutation]
  4095 | D        | Gained mutation: Scrolls take you a little longer to read. [potion of mutation]
  4095 | D        | Gained mutation: You occasionally shout uncontrollably at your foes. [potion of mutation]
  4095 | D        | Gained mutation: Your natural rate of healing is unusually fast. [potion of mutation]
  4096 | D        | Lost mutation: Armour fits poorly on your strangely shaped body. [potion of mutation]
  4096 | D        | Lost mutation: Your natural rate of healing is unusually fast. [potion of mutation]
  4096 | D        | Lost mutation: You occasionally shout uncontrollably at your foes. [potion of mutation]
  4096 | D        | Gained mutation: You have a pair of small horns on your head. [potion of mutation]
  4096 | D        | Gained mutation: You have sharp fingernails. [potion of mutation]
  4096 | D        | Gained mutation: Your natural rate of healing is unusually fast. [potion of mutation]
  4097 | D        | Lost mutation: You have a pair of small horns on your head. [potion of mutation]
  4097 | D        | Lost mutation: You have sharp fingernails. [potion of mutation]
  4097 | D        | Lost mutation: You evolve. [potion of mutation]
  4097 | D        | Lost mutation: Scrolls take you a little longer to read. [potion of mutation]
  4097 | D        | Lost mutation: Your natural rate of healing is unusually fast. [potion of mutation]
  4097 | D        | Gained mutation: You are partially covered in molten scales. (AC +2) [potion of mutation]
  4097 | D        | Gained mutation: You expend magic power (3 MP) to strengthen your wands. [potion of mutation]
  4097 | D        | Gained mutation: You evolve. [potion of mutation]
  4097 | D        | Gained mutation: You are mostly covered in molten scales. (AC +3) [potion of mutation]
  4216 | D        | Bought the +9 scales of the Dragon King {rPois rF+ rC+ MR+} for 3744 gold pieces
  4243 | D        | Bought 2 fruits for 36 gold pieces
  4253 | D        | Noticed a storm dragon
  4254 | D        | Noticed a cacodemon
  4254 | D        | Noticed a bone dragon
  4255 | D        | Noticed a golden dragon
  4271 | D        | Killed a bone dragon
  4273 | D        | Killed a storm dragon
  4273 | D        | Received a gift from Trog
  4276 | D        | Killed a cacodemon
  4279 | D        | Noticed a frost giant
  4279 | D        | Reached skill level 20 in Fighting
  4287 | D        | Killed a frost giant
  4524 | D        | Killed a golden dragon
  4586 | D        | Received a gift from Trog
  4593 | D        | Noticed the 27-headed Lernaean hydra
  4634 | D        | Reached XP level 15. HP: 93/114 MP: 15/15
  4646 | D        | Received a gift from Trog
  4658 | D        | Reached skill level 21 in Fighting
  4666 | D        | Got a pitted great mace {god gift}
  4699 | D        | Gained mutation: You are agile. (Dex +2) [evolution]
  4731 | D        | Noticed an orc warlord
  4739 | D        | Killed an orc warlord
  4754 | D        | Received a gift from Trog
  4782 | D        | Killed the 27-headed Lernaean hydra
  4790 | D        | Found Izum's General Store.
  4832 | D        | Received a gift from Trog
  4896 | D        | Bought 2 potions of heal wounds for 140 gold pieces
  4896 | D        | Bought a potion of heal wounds for 70 gold pieces
  4896 | D        | Bought a potion of heal wounds for 70 gold pieces
  4898 | D        | Bought a potion of heal wounds for 70 gold pieces
  4898 | D        | Bought a potion of might for 56 gold pieces
  4898 | D        | Bought a potion of curing for 42 gold pieces
  4972 | D        | Killed an electric golem
  4972 | D        | Reached skill level 22 in Fighting
  5180 | D        | Reached XP level 16. HP: 123/123 MP: 15/17
  5232 | D        | Bought the ring of the Magpie {rF++ Str+3 Stlth-} for 497 gold pieces
  5244 | D        | Bought the amulet of Itegu {Faith rPois rN+ MR++ Str+4} for 1010 gold pieces
  5308 | D        | Noticed a greater mummy
  5332 | D        | Killed a greater mummy
  5339 | D        | Noticed Gloorx Vloq
  5341 | D        | Noticed an Executioner
  5342 | D        | Noticed an Executioner
  5342 | D        | Noticed an Executioner
  5354 | D        | HP: 6/124 [Executioner[Gloorx Vloq] (10)]
  5367 | D        | Identified the +5 great mace "Buraz" {crush, Str+4} (Trog gifted it to you in the Dungeon)
  5368 | D        | Noticed an Executioner
  5369 | D        | Noticed an Executioner
  5381 | D        | Received a gift from Trog
  5389 | D        | Noticed an Executioner
  5391 | D        | Noticed an Executioner
  5400 | D        | HP: 3/186 [Gloorx Vloq (21)]
  5405 | D        | HP: 3/186 [something/vampiric draining (1)]
  5406 | D        | Killed Gloorx Vloq
  5406 | D        | Reached skill level 23 in Fighting
  5412 | D        | HP: 6/125 [something (9)]
  5413 | D        | Slain by a vampire knight

Skill      XL: |  1  2  3  4  5  6  7  8  9 10 11 12 13 14 15 16 |
---------------+-------------------------------------------------+-----
Fighting       | 6 7 8 9 10 11 12 13 15 17 18 20 22 23 | 23.0
Maces & Flails | 6 7 8 10 11 12 14 15 17 18 19 20 21 22 | 22.2
Armour         | 3 4 5 6 9 11 13 15 16 17 19 | 19.5
Dodging        | 2 3 4 5 6 7 |  7.3
Stealth        | 2 3 4 5 6 8 9 11 12 13 14 | 14.2
Unarmed Combat | 1 2 3 4 5 7 9 11 12 13 14 | 14.2
Polearms       | 2 3 |  3.3
Evocations     | 1 2 |  2.5
Long Blades    | |  0.5
Crossbows      | |  0.6
Throwing       | |  0.8

Action                   |  1- 3 |  4- 6 |  7- 9 | 10-12 | 13-15 | 16-18 || total
-------------------------+-------+-------+-------+-------+-------+-------++-------
Melee: Mace              |     4 |    21 |    24 |       |       |       ||    49
       Punch             |       |       |     2 |    10 |    12 |     5 ||    29
       Dire flail        |       |       |    52 |   103 |       |       ||   155
       Flail             |       |       |       |    84 |   173 |    24 ||   281
       Glaive            |       |       |       |     4 |       |       ||     4
       Great mace        |       |       |       |       |    86 |    24 ||   110
 Fire: Arbalest          |       |       |       |     1 |       |       ||     1
Invok: Berserk           |     1 |     1 |     5 |     8 |     5 |     2 ||    22
       Trog's Hand       |       |     1 |     5 |    13 |     9 |     1 ||    29
       Brothers in Arms  |       |       |     2 |     4 |     9 |       ||    15
       Burn Spellbooks   |       |       |       |       |       |     2 ||     2
 Abil: Evoke Blink       |       |       |       |       |     1 |     4 ||     5
       Fly               |       |       |       |       |     1 |       ||     1
  Use: Scroll            |       |       |       |       |    14 |     1 ||    15
       Potion            |       |       |       |       |    14 |    10 ||    24
 Stab: Sleeping          |       |       |       |     3 |     1 |       ||     4
       Distracted        |       |       |       |       |     2 |       ||     2
  Eat: Chunk             |       |       |     7 |     6 |    11 |       ||    24
       Fruit             |       |       |       |     5 |     1 |     1 ||     7
       Bread ration      |       |       |       |     2 |       |       ||     2
       Meat ration       |       |       |       |     1 |     1 |       ||     2
Armor: Animal skin       |       |     5 |     5 |       |       |       ||    10
       Scale mail        |       |       |    36 |   119 |    52 |       ||   207
       Gold dragon scale |       |       |       |       |   243 |   276 ||   519
Dodge: Dodged            |     2 |    15 |    45 |   120 |   132 |    82 ||   396
